 Dungeon Crawl Stone Soup version 0.17-a0-1831-gaadb308 (webtiles) character file.

48 matakusis the Ducker (level 3, -2/27 HPs)
             Began as a Demonspawn Gladiator on Sept 14, 2015.
             Slain by Crazy Yiuf
             ... wielding a +2 quarterstaff of chaos
              (9 damage)
             ... on level 2 of the Dungeon.
             The game lasted 00:04:45 (1337 turns).

matakusis the Ducker (Demonspawn Gladiator)         Turns: 1337, Time: 00:04:51

Health: -2/27      AC:  6    Str: 15    XL:     3   Next: 50%
Magic:  3/3        EV: 11    Int:  9    God:
Gold:   91         SH:  7    Dex: 18    Spells: 0 memorised, 2 levels left

rFire  . . .     SeeInvis .     a - +0 war axe
rCold  . . .     Clarity  .     b - +0 leather armour
rNeg   . . .     SustAt   .     o - +0 shield
rPois  .         Gourm    .     t - +2 helmet
rElec  .         Spirit   .     (no cloak)
rCorr  .         Warding  .     (no gloves)
rMut   .         Stasis   .     (no boots)
MR     .....                    (no amulet)
Stlth  ++........               (no ring)
                                (no ring)

@: lethally poisoned (-2 -> -11), not resistant to hostile enchantments,
unstealthy
A: thin skeletal structure 2
a: no special abilities


You were on level 2 of the Dungeon.
You were hungry.

You visited 1 branch of the dungeon, and saw 2 of its levels.

You collected 91 gold pieces.

Inventory:

Hand weapons
 a - a +0 war axe (weapon)
Missiles
 d - 3 throwing nets (quivered)
Armour
 b - a +0 leather armour (worn)
 o - a +0 shield (worn)
 t - a +2 helmet (worn)
Scrolls
 h - 3 scrolls of identify {unknown}
 i - a scroll of noise {unknown}
 j - 4 scrolls of remove curse {unknown}
 k - a scroll of teleportation {unknown}
 p - a scroll of fear {unknown}
 r - a scroll of enchant weapon {unknown}
 s - a scroll of immolation {unknown}
Potions
 c - 2 potions of agility {unknown}
 g - a potion of curing {unknown}
 n - a potion of poison {unknown}
 q - a potion of might {unknown}
Comestibles
 e - 4 bread rations
 l - 3 meat rations
 m - 3 fruits


   Skills:
 + Level 2.1 Fighting
 + Level 3.1 Axes
 - Level 1.7 Throwing
 * Level 3.6 Dodging
 * Level 0.1 Shields


You had 2 spell levels left.
You didn't know any spells.

Dungeon Overview and Level Annotations

Branches:
Dungeon (2/15)

Altars:

Annotations:
D:2 Crazy Yiuf


Innate Abilities, Weirdness & Mutations

You have a moderately thin skeletal structure (Dex +4, Stealth+).


Message History

Crazy Yiuf is severely wounded.
You feel sick.
Crazy Yiuf zaps a wand.
Crazy Yiuf is healed somewhat.
It is a wand of heal wounds.
You barely miss Crazy Yiuf.
Crazy Yiuf is heavily wounded.
You feel sick.
Crazy Yiuf grits, "Proton stair spinner!"
Crazy Yiuf hits you with a quarterstaff of chaos.
Crazy Yiuf draws strength from your injuries!
You slash Crazy Yiuf!
Crazy Yiuf is severely wounded.
You feel sick.
Crazy Yiuf zaps a wand.
Crazy Yiuf is healed somewhat.
You are feeling hungry.
You hit Crazy Yiuf.
Crazy Yiuf is severely wounded.
* * * LOW HITPOINT WARNING * * *
You feel sick.
Crazy Yiuf whimpers, "Mama bag tired!"
Crazy Yiuf hits you with a quarterstaff of chaos!
You die...

#...##
#.<......#
##.##
#........#
#.##
#........#
##.#
#........#
#.##
##########
##.# ##'##
#...#
#.@.#
#.g)#
#####


You could see Crazy Yiuf.

Vanquished Creatures
  A gnoll (D:1)
  2 oozes
  A worm (D:2)
  2 giant geckos (D:1)
  2 bats (D:1)
  2 giant cockroaches
  2 hobgoblins (D:2)
  4 jackals (D:1)
  A giant newt (D:1)
  2 goblins
  3 kobolds
  3 rats
25 creatures vanquished.

Notes
Turn   | Place    | Note
--------------------------------------------------------------
     0 | D:1      | matakusis the Demonspawn Gladiator began the quest for the Orb.
     0 | D:1      | Reached XP level 1. HP: 16/16 MP: 1/1
   214 | D:1      | Reached skill level 3 in Dodging
   217 | D:1      | Gained mutation: You have a somewhat thin skeletal structure (Dex +2, Stealth). [demonic ancestry]
   217 | D:1      | Reached XP level 2. HP: 16/22 MP: 2/2
   750 | D:1      | Gained mutation: You have a moderately thin skeletal structure (Dex +4, Stealth+). [demonic ancestry]
   750 | D:1      | Reached XP level 3. HP: 27/27 MP: 3/3
  1328 | D:2      | Noticed Crazy Yiuf
  1337 | D:2      | Slain by Crazy Yiuf

Vault maps used:
D:1:      dpeg_arrival_boxes_within_box, monster_avoids_cloud
D:2:      first_bread, uniq_crazy_yiuf_cottage

Action                   || total
-------------------------++-------
Melee: War axe           ||    93
 Stab: Sleeping          ||     3
       Distracted        ||     1
  Eat: Chunk             ||     1
